 Dungeon Crawl Stone Soup version 0.31-a0-267-g3fc6992b3b (webtiles) character file.

Game seed: 14497029530700747636

4 qw the Shooter (level 1, -1/16 HPs)
             Began as a Minotaur Hexslinger on July 13, 2023.
             Slain by a hobgoblin (3 damage)
             ... on level 1 of the Dungeon.
             The game lasted 00:00:03 (84 turns).

qw the Shooter (Minotaur Hexslinger)                  Turns: 84, Time: 00:00:04

Health: -1/16      AC:  2    Str: 12    XL:     1   Next: 58%
Magic:  1/1        EV: 12    Int: 10    God:
Gold:   4          SH:  0    Dex: 12    Spells: 1/2 levels left

rFire   . . .        a - +1 sling
rCold   . . .        (no shield)
rNeg    . . .        c - +0 robe
rPois   .            (helmet restricted)
rElec   .            (no cloak)
rCorr   .            (no gloves)
SInv    .            (no boots)
Will    .....        (no amulet)
Stlth   +            (no ring)
HPRegen 0.22/turn    (no ring)
MPRegen 0.07/turn

%: no passive effects
@: no status effects
A: horns 2, retaliatory headbutt
a: no special abilities


You were on level 1 of the Dungeon.
You visited 1 branch of the dungeon, and saw 1 of its levels.

You collected 4 gold pieces.


Innate Abilities, Weirdness & Mutations

You have a pair of horns on your head.
You reflexively headbutt those who attack you in melee.


   Skills:
 - Level 1.2 Fighting
 + Level 2.7 Ranged Weapons
 - Level 2.1 Dodging
 - Level 1.0 Spellcasting
 - Level 2.0 Hexes


You had one spell level left.
You knew the following spells:

 Your Spells              Type           Power      Damage    Failure   Level
a - Slow                  Hex            16%        N/A       16%         1

Your spell library contained the following spells:

 Spells                   Type           Power      Damage    Failure   Level
 Inner Flame              Hex/Fire       2%         N/A       56%         3
 Portal Projectile        Hex/Tloc       4%         N/A       56%         3
 Cause Fear               Hex            2%         N/A       83%         4

Inventory:

Hand Weapons
 a - a +1 sling (weapon)
Armour
 c - a +0 robe (worn)
Scrolls
 b - a scroll of poison
Potions
 d - a potion of curing {unknown}

Dungeon Overview and Level Annotations

Branches:
Dungeon (1/15)

Altars:


Message History

The sling bullet hits the frilled lizard.
You kill the frilled lizard! 3 frilled lizards and a kobold come into view.
The frilled lizard hisses angrily. x2; The kobold shouts!
You hear an angry hiss.
A frilled lizard comes into view.
A hobgoblin comes into view.
The frilled lizard moves out of view.
Enter note: You shoot a sling bullet.
The sling bullet hits the frilled lizard.
You kill the frilled lizard!
You shoot a sling bullet.
The sling bullet barely misses the kobold.
The frilled lizard hisses angrily.
An endoplasm comes into view.
You shoot a sling bullet.
The sling bullet barely misses the kobold.
You shoot a sling bullet.
The sling bullet barely misses the kobold.
A bat comes into view.
You shoot a sling bullet.
The sling bullet barely misses the kobold.
The frilled lizard bites you but does no damage.
The kobold misses you. The hobgoblin hits you.
The frilled lizard bites you but does no damage.
The hobgoblin closely misses you. The kobold hits you with a +0 club.
The frilled lizard bites you.
You shoot a sling bullet. The sling bullet hits the kobold.
The kobold is moderately wounded.
The frilled lizard closely misses you. You furiously retaliate!
You headbutt the frilled lizard!
You kill the frilled lizard!
The kobold hits you with a +0 club. The hobgoblin closely misses you.
The frilled lizard bites you but does no damage.
You shoot a sling bullet.
The sling bullet closely misses the kobold.
The sling bullet barely misses the bat.
The bat hits you but does no damage. The bat barely misses you.
You furiously retaliate!
You headbutt the bat. The frilled lizard bites you.
The kobold hits you with a +0 club. The hobgoblin hits you.
You die...

#.# #.# . #.# .~ ###.#
~~% #...# ~~~~ #...# #.
~~~~.#+#...# #### #.
~~~~..l..#.# #..# #.
~~~...l@.#.#7# +.<# #.
......gKb....7 #'## #.
###.....##.#.#777#.## #.
#.....##.#........# #.
.......##.......##.###.
........##..............
#.......##..........#.##
#.......##..%.......#...
#..........###.


You could see a hobgoblin, a bat, a kobold and 2 frilled lizards.

Vanquished Creatures
  An endoplasm (D:1)
  A bat (D:1)
  3 frilled lizards (D:1)
  A kobold (D:1)
6 creatures vanquished.

Notes
Turn   | Place    | Note
-------+----------+-------------------------------------------
     0 | D:1      | qw the Minotaur Hexslinger began the quest for the Orb.
     0 | D:1      | Reached XP level 1. HP: 16/16 MP: 1/1
     0 | D:1      | 0 ||| qw: Version: 0.3-a-52-g30416fa
     0 | D:1      | 0 ||| qw: Game counter: 7655
     0 | D:1      | 0 ||| qw: Melee chars always use a shield: true
     0 | D:1      | 0 ||| qw: God list: Okawaru
     0 | D:1      | 0 ||| qw: Allow faded altars: false
     0 | D:1      | 0 ||| qw: Do Orc after clearing Dungeon:15 true
     0 | D:1      | 0 ||| qw: Do second Lair branch before Depths: true
     0 | D:1      | 0 ||| qw: Lair rune preference: random
     0 | D:1      | 0 ||| qw: Goals: Normal
     0 | D:1      | 0 ||| PLANNING D:1-11
    84 | D:1      | HP: 2/16 [kobold/+0 club (3)]
    84 | D:1      | Slain by a hobgoblin

Levels and vault maps discovered:
D:1:      sevenhm_arrival_forest_fort_small_3, layout_basic, serial_shops,
          nicolae_shop_industrial_runoff, ebering_ecumenical_altar_box,
          minmay_lizard_pond

Action                     || total
---------------------------++-------
   Fire: Sling             ||    20
 Armour: Robe              ||     6
  Dodge: Dodged            ||     7

Table legend:
 A = Non-vault XP
 B = Vault XP
 C = Vault XP percentage of total XP
 D = Non-vault monster count
 E = Vault monster count
 F = Vault count percentage of total count
                 A         B        C        D         E       F
            +---------+---------+-------+---------+---------+-------
      Total |       4 |       3 |  42.9 |       3 |       3 |  50.0
            +---------+---------+-------+---------+---------+-------
        D:1 |       4 |       3 |  42.9 |       3 |       3 |  50.0
            +---------+---------+-------+---------+---------+-------
